 Dungeon Crawl Stone Soup version 0.28-a0-79-g444c7a33f5 (webtiles) character file.

Game seed: 14540790453205993816

11870 PostStallone the Cleaver (level 11, -10/97 HPs)
             Began as a Minotaur Berserker on Aug 3, 2021.
             Was an Elder of Trog.
             Mangled by a catoblepas (11 damage)
             ... while petrified by a catoblepas
             ... on level 1 of the Lair of Beasts.
             The game lasted 00:39:05 (9537 turns).

PostStallone the Cleaver (Minotaur Berserker)       Turns: 9537, Time: 00:39:06

Health: -10/97     AC: 19    Str: 23    XL:     11   Next: 55%
Magic:  10/10      EV:  2    Int:  5    God:    Trog [****..]
Gold:   380        SH:  0    Dex: 11    Spells: 10/10 levels left

rFire   + . .      SeeInvis .   a - +3 hand axe (freeze)
rCold   . . .      Faith    .   B - +5 kite shield {rF+}
rNeg    + + +      Spirit   .   f - +0 plate armour
rPois   ∞          Reflect  .   (helmet restricted)
rElec   .          Harm     .   (no cloak)
rCorr   +          Rampage  .   (no gloves)
Will    .....                   (no boots)
Stlth   ..........              k - amulet of regeneration
HPRegen 1.26/turn               n - +4 ring of protection
MPRegen 0.12/turn               h - ring of resist corrosion

@: petrified
A: horns 2, retaliatory headbutt
a: Renounce Religion, Berserk, Trog's Hand, Brothers in Arms


You were on level 1 of the Lair of Beasts.
You worshipped Trog.
Trog was greatly pleased with you.
You visited 2 branches of the dungeon, and saw 11 of its levels.

You collected 380 gold pieces.

Inventory:

Hand Weapons
 a - a +3 hand axe of freezing (weapon)
Missiles
 c - 208 stones (quivered)
 g - 2 throwing nets
Armour
 f - a +0 plate armour (worn)
 B - a +5 kite shield of fire resistance (worn)
Jewellery
 h - a ring of resist corrosion (right hand)
 k - an amulet of regeneration (around neck)
 n - a +4 ring of protection (left hand)
Wands
 i - a wand of charming (10)
 m - a wand of polymorph (9)
 o - a wand of flame (40)
 x - a wand of digging (5)
Scrolls
 d - 4 scrolls of magic mapping
 j - a scroll of torment {unknown}
 p - 2 scrolls of teleportation
 u - 4 scrolls of fog
Potions
 e - 5 potions of curing
 l - a potion of degeneration {unknown}
 r - 2 potions of attraction {unknown}
 s - 2 potions of magic
 t - a potion of mutation {unknown}
 v - 2 potions of might {unknown}
 w - 3 potions of ambrosia
 z - 2 potions of flight
 A - a potion of lignification {unknown}


   Skills:
 + Level 9.6 Fighting
 + Level 12.7 Axes
 + Level 11.0 Armour
 - Level 3.8 Dodging
 + Level 7.5 Shields
 * Level 6.2 Evocations


You had 10 spell levels left.
You didn't know any spells.
Your spell library was empty.

Dungeon Overview and Level Annotations

Branches:
Dungeon (10/15)            Temple (0/1) D:4            Lair (1/6) D:10
    Orc (0/2) D:10

Altars:
Ashenzari
Cheibriados
Gozag
Hepliaklqana
Kikubaaqudgha
Makhleb
Okawaru
Sif Muna
Uskayaw
Wu Jian
Xom
Yredelemnul
Zin

Shops:
D:10 (

Annotations:
D:2 Terence
Lair:1 3 runed translucent doors, loom's ghost, journeyman DjAE


Innate Abilities, Weirdness & Mutations

You have a pair of horns on your head.
You reflexively headbutt those who attack you in melee.


Message History

The six-headed hydra bites you but does no damage. x2
The six-headed hydra bites you!
The six-headed hydra bites you but does no damage. x2
The six-headed hydra bites you!
* * * LOW HITPOINT WARNING * * *
The catoblepas breathes a plume of calcifying dust at you.
The blast of calcifying dust hits you but does no damage.
You are engulfed in calcifying dust.
The bullfrog hits you but does no damage.
The six-headed hydra bites you but does no damage.
The six-headed hydra bites you.
* * * LOW HITPOINT WARNING * * *
The six-headed hydra bites you.
* * * LOW HITPOINT WARNING * * *
The six-headed hydra bites you.
The six-headed hydra completely misses you.
The six-headed hydra bites you but does no damage.
The catoblepas gores you!!
* * * LOW HITPOINT WARNING * * *
The bullfrog hits you.
You are engulfed in calcifying dust.
The bullfrog hits you.
* * * LOW HITPOINT WARNING * * *
The six-headed hydra bites you.
* * * LOW HITPOINT WARNING * * *
The six-headed hydra bites you but does no damage.
The six-headed hydra bites you.
* * * LOW HITPOINT WARNING * * *
The six-headed hydra bites you but does no damage. x2
The six-headed hydra bites you.
* * * LOW HITPOINT WARNING * * *
The catoblepas gores you.
* * * LOW HITPOINT WARNING * * *
You are engulfed in calcifying dust.
The bullfrog hits you but does no damage.
The six-headed hydra completely misses you.
The six-headed hydra bites you but does no damage. x4
The six-headed hydra bites you.
* * * LOW HITPOINT WARNING * * *
The catoblepas gores you!!
You die...

.............
....................
..........###+++###
.........#.......#
#.......#.......#
#.......#.......#
#.#####D......#k......#
#§§§§@Y......#S......#
#....F#####..#S.?!$..#
#[....# ##.#.FS....#
#.....# #..#########
#.....# ##..........
#....... #......##..
##........###.....###..
#................# ###
............#


You could see a catoblepas, a six-headed hydra and a bullfrog.

Vanquished Creatures
  Urug (D:10)
  The ghost of loom the Thaumaturge, a novice DjAE of Makhleb (D:8)
  An ugly thing (D:10)
  An oklob plant (D:10)
  4 elephants
  A black mamba (Lair:1)
  3 cane toads (Lair:1)
  Psyche (D:10)
  A rime drake (Lair:1)
  A troll (D:10)
  A merfolk (shapeshifter) (D:8)
  A wraith (D:9)
  A shadow (D:10)
  3 wyverns
  9 yaks
  A basilisk (Lair:1)
  2 humans (D:9)
  Menkaure (D:6)
  5 water moccasins
  An ice beast (D:7)
  2 orc warriors
  A sky beast (D:7)
  A black bear (D:4)
  A necrophage (D:7)
  4 ogres
  3 centaurs
  A phantom (D:6)
  A kobold brigand (D:10)
  2 bullfrogs
  A gnoll sergeant (D:8)
  A scorpion (D:4)
  A water moccasin zombie (D:6)
  4 killer bees (D:10)
  5 wights (D:9)
  3 howler monkeys (D:7)
  A crimson imp (D:10)
  A hound (D:6)
  3 orc priests
  3 centaur skeletons
  2 iguanas
  9 orc wizards
  A hound skeleton (D:4)
  A howler monkey zombie (D:9)
  8 adders
  9 gnolls
  A shadow imp (D:8)
  3 white imps
  An ufetubus (D:4)
  An adder skeleton (D:4)
  2 worms
  3 dart slugs
  32 orcs
  5 ball pythons
  An endoplasm (D:1)
  2 giant cockroaches
  10 hobgoblins
  4 jackals
  4 quokkas
  A bat (D:1)
  3 frilled lizards
  5 goblins
  12 kobolds
  5 rats
204 creatures vanquished.

Vanquished Creatures (collateral kills)
  Sonja (Lair:1)
1 creature vanquished.

Vanquished Creatures (others)
  5 fungi (Lair:1)
  17 plants
22 creatures vanquished.

Grand Total: 227 creatures vanquished

Notes
Turn   | Place    | Note
-------+----------+-------------------------------------------
     0 | D:1      | PostStallone the Minotaur Berserker began the quest for the
                  | Orb.
     0 | D:1      | Reached XP level 1. HP: 19/19 MP: 0/0
   305 | D:1      | Reached skill level 4 in Axes
   305 | D:1      | Reached XP level 2. HP: 27/27 MP: 1/1
  1258 | D:2      | Reached XP level 3. HP: 33/33 MP: 2/2
  1266 | D:2      | Reached ** piety under Trog
  1498 | D:2      | Noticed Terence
  1917 | D:2      | Reached XP level 4. HP: 39/41 MP: 3/3
  2269 | D:3      | Found a faded altar of an unknown god.
  2307 | D:3      | Reached skill level 5 in Fighting
  2452 | D:3      | Found a basalt altar of Yredelemnul.
  2465 | D:3      | Reached skill level 5 in Axes
  2578 | D:3      | Found a hazy altar of Hepliaklqana.
  2766 | D:4      | Noticed an ogre
  2778 | D:4      | Killed an ogre
  2779 | D:4      | Reached XP level 5. HP: 29/48 MP: 4/4
  2854 | D:4      | Reached skill level 6 in Axes
  2854 | D:4      | Reached XP level 6. HP: 50/56 MP: 5/5
  2914 | D:4      | Found a staircase to the Ecumenical Temple.
  2922 | D:4      | Reached skill level 7 in Axes
  2972 | D:4      | Reached XP level 7. HP: 59/62 MP: 6/6
  2984 | D:4      | Reached *** piety under Trog
  3040 | D:4      | Found a sand-covered staircase.
  3071 | D:4      | Reached skill level 5 in Armour
  3560 | D:5      | Entered Level 5 of the Dungeon
  3638 | D:5      | Found an ancient bone altar of Kikubaaqudgha.
  3891 | D:5      | Found a broken altar of Ashenzari.
  4091 | D:5      | Reached skill level 8 in Axes
  4207 | D:5      | Found a snail-covered altar of Cheibriados.
  4352 | D:6      | Reached XP level 8. HP: 70/70 MP: 7/7
  4722 | D:6      | Noticed Menkaure
  4726 | D:6      | Reached skill level 9 in Axes
  4733 | D:6      | Killed Menkaure
  4734 | D:6      | Reached skill level 1 in Evocations
  4734 | D:6      | Reached **** piety under Trog
  5196 | D:7      | Found a flagged portal.
  5385 | D:7      | Reached XP level 9. HP: 79/79 MP: 8/8
  5665 | D:8      | Reached skill level 10 in Axes
  5677 | D:8      | Found a glowing silver altar of Zin.
  5689 | D:8      | Identified the +8 long sword of Spite {vorpal, rN++ Dex+4}
  5811 | D:8      | Found a runed translucent door.
  5815 | D:8      | Noticed loom's ghost (novice DjAE)
  6184 | D:8      | Reached skill level 1 in Shields
  6496 | D:8      | Noticed a glowing orange brain
  6498 | D:8      | Noticed a merfolk
  6498 | D:8      | a glowing orange brain changed into a merfolk
  6511 | D:8      | Killed a merfolk
  6534 | D:8      | Killed loom's ghost
  6623 | D:9      | Reached skill level 11 in Axes
  6671 | D:9      | Reached XP level 10. HP: 74/88 MP: 9/9
  6925 | D:9      | Found a shimmering blue altar of Sif Muna.
  6970 | D:9      | Found an opulent altar of Gozag.
  6981 | D:9      | Found an iron altar of Okawaru.
  7056 | D:9      | Reached skill level 5 in Shields
  7264 | D:9      | Found a hide-covered altar of Uskayaw.
  7517 | D:10     | Entered Level 10 of the Dungeon
  7651 | D:10     | Found a staircase to the Lair.
  7657 | D:10     | Noticed a cyan ugly thing
  7682 | D:10     | Killed a cyan ugly thing
  7741 | D:10     | Noticed Urug
  7756 | D:10     | Killed Urug
  7757 | D:10     | Reached skill level 5 in Evocations
  7803 | D:10     | Noticed Psyche
  7810 | D:10     | Killed Psyche
  7827 | D:10     | Found Tuikk's Antique Weapon Boutique.
  7876 | D:10     | Reached skill level 10 in Armour
  7962 | D:10     | Found a staircase to the Orcish Mines.
  8088 | D:10     | Noticed an oklob plant
  8108 | D:10     | Killed an oklob plant
  8109 | D:10     | Reached skill level 12 in Axes
  8193 | D:10     | Found an ornate altar of the Wu Jian Council.
  8428 | D:10     | Found a shimmering altar of Xom.
  8433 | D:10     | Found a burning altar of Makhleb.
  8544 | Lair:1   | Entered Level 1 of the Lair of Beasts
  8565 | Lair:1   | Noticed a cane toad
  8575 | Lair:1   | Noticed a cane toad
  8577 | Lair:1   | Killed a cane toad
  8578 | Lair:1   | Reached XP level 11. HP: 95/97 MP: 10/10
  8648 | Lair:1   | Reached ***** piety under Trog
  8899 | Lair:1   | Found a runed translucent gate.
  8899 | Lair:1   | Found a runed translucent gate.
  8899 | Lair:1   | Found a runed translucent gate.
  8899 | Lair:1   | Noticed loom's ghost (journeyman DjAE)
  8939 | Lair:1   | Noticed Sonja
  8944 | Lair:1   | Killed Sonja
  9286 | Lair:1   | Noticed a catoblepas
  9521 | Lair:1   | Noticed a five-headed hydra
  9536 | Lair:1   | HP: 4/97 [six-headed hydra (2)]
  9537 | Lair:1   | HP: 1/97 [six-headed hydra (2)]
  9537 | Lair:1   | Mangled by a catoblepas

Illustrated notes

Levels and vault maps discovered:
D:1:      roderic_octagonal_star, layout_basic, amcnicky_mini_pool_small,
          columned_hall_lemuel
D:2:      layout_basic, uniq_terence
D:3:      minmay_skewed_foursquare, layout_loops_ring,
          nzn_hepliaklqana_mist_gate, mainiacjoe_overflow_24_doors,
          dreamdust_ecumenical_altar_angels_and_demons
D:4:      layout_loops_ring, minmay_temple_entry_junction,
          nicolae_ossuary_entry_ruins, minmay_between
D:5:      layout_rooms, lemuel_coloured_pillars_altar, chei_slow_surprise,
          ashenzari_conservatory_becter
D:6:      layout_basic, supply_closet_lemuel, uniq_menkaure
D:7:      layout_loops_cross, enter_bailey_4, kennysheep_generic_room_8
D:8:      layout_loops_ring, zin_statuary, serial_aquarium,
          aquarium_bridge_long_joined [aquarium_subvault_bridge,
          aquarium_subvault_wall, aquarium_subvault_wall,
          aquarium_subvault_wall, aquarium_subvault_bridge,
          aquarium_subvault_wall], aquarium_window_1,
          aquarium_window_corridor_1, aquarium_view_2c, aquarium_view_2b,
          aquarium_pool_five, ebering_ghost_inner_flame
D:9:      layout_irregular_city, okawaru_humans,
          mainiacjoe_overflow_surrounded_room, mainiacjoe_overflow_big_doors,
          minivault_24, kennysheep_minor_cross, minmay_liquid_box
D:10:     layout_basic, grunt_temple_overflow_champion_of_chaos,
          mainiacjoe_overflow_chevrons, dpeg_oklobed_lair, orc_0_dummy,
          serial_shops, nicolae_shop_window_shopping, roderic_serpentine_path,
          uniq_urug, uniq_psyche
Lair:1:   layout_cellular_growth, gammafunk_ghost_split,
          cheibrodos_lair_caveside_slide, minmay_lair_oklob_chamber, uniq_sonja

Skill      XL: |  1  2  3  4  5  6  7  8  9 10 11 |
---------------+----------------------------------+-----
Axes           | 4 5 6 7 8 9 11 12 | 12.7
Fighting       | 4 5 6 7 8 9 |  9.6
Armour         | 3 4 6 7 8 10 11 | 11.0
Dodging        | 3 |  3.8
Evocations     | 2 4 5 6 |  6.2
Shields        | 3 6 7 |  7.5

Action                   |  1- 3 |  4- 6 |  7- 9 | 10-12 || total
-------------------------+-------+-------+-------+-------++-------
Melee: Hand axe          |    75 |    78 |   271 |   350 ||   774
       Headbutt          |     7 |    19 |    45 |    84 ||   155
Throw: Stone             |     7 |       |       |       ||     7
Invok: Brothers in Arms  |       |       |       |     1 ||     1
Evoke: Wand              |       |       |       |     1 ||     1
  Use: Scroll            |     3 |    10 |     9 |     3 ||    25
       Potion            |       |       |     2 |     3 ||     5
 Stab: Sleeping          |     1 |       |       |       ||     1
Armor: Animal skin       |     8 |       |       |       ||     8
       Chain mail        |    11 |    40 |   133 |    12 ||   196
       Plate armour      |       |       |       |   151 ||   151
Dodge: Dodged            |    41 |    33 |    83 |    50 ||   207
Block: Kite shield       |       |       |    86 |   192 ||   278

Table legend: (Time is in decaauts)
 A = Elapsed time spent in this place.
 B = Non-inter-level travel time spent in this place.
 C = Inter-level travel time spent in this place.
 D = Time resting spent in this place.
 E = Time spent auto-exploring this place.
 F = Levels seen in this place.
 G = Mean time per level.
                   A        B        C        D        E       F      G
               +--------+--------+--------+--------+--------+-----+--------+
         Total |   9477 |   9163 |    314 |    600 |   6270 |  11 |  861.5 |
       Dungeon |   8546 |   8232 |    314 |    452 |   5920 |  10 |  854.6 |
          Lair |    930 |    930 |      0 |    148 |    350 |   1 |  930.0 |
               +--------+--------+--------+--------+--------+-----+--------+

Top non-repeatable levels by time:
     D:1: 1264 daAuts
    D:10: 1055 daAuts
     D:8: 953 daAuts
  Lair:1: 930 daAuts
     D:9: 910 daAuts
     D:4: 842 daAuts
     D:2: 756 daAuts
     D:3: 747 daAuts
     D:7: 741 daAuts
     D:5: 695 daAuts
     D:6: 581 daAuts
